 Dungeon Crawl Stone Soup version 0.14.1-3-gd16b60d (webtiles) character file.

146 FedhasBadass the Caller (level 4, 0/30 HPs)
             Began as a Merfolk Summoner on May 17, 2014.
             Slain by an adder (3 damage)
             ... on Level 2 of the Dungeon.
             The game lasted 00:11:30 (3327 turns).

FedhasBadass the Caller (Merfolk Summoner)          Turns: 3327, Time: 00:11:30

HP   0/30        AC  2     Str  9      XL: 4   Next: 42%
MP   1/8         EV 19     Int 19      God:
Gold 65          SH  0     Dex 19      Spells:  2 memorised,  4 levels left

rFire  . . .     SeeInvis .     (no weapon)
rCold  . . .     Clarity  .     a - +0 robe
rNeg   . . .     Conserve .     (no shield)
rPois  .         rCorr    .     (no helmet)
rElec  .         rRot     .     (no cloak)
SustAb . .       Spirit   .     (no gloves)
rMut   .         Warding  .     (no boots)
Saprov . . .     Stasis   .     (no amulet)
MR     .....                    (no ring)
                                (no ring)

@: confused, brilliant, agile, lethally poisoned, not resistant to hostile
enchantments, fairly stealthy
A: change form in water, swift swim
a: no special abilities


You were on level 2 of the Dungeon.
You were hungry.

You visited 1 branch of the dungeon, and saw 2 of its levels.

You collected 65 gold pieces.

Inventory:

Armour
 a - a +0 robe (worn)
Comestibles
 l - a lychee
 t - a rotting chunk of gnoll flesh
Scrolls
 d - a scroll of fog {unknown}
 e - a scroll of recharging {unknown}
 f - a scroll of teleportation {unknown}
 g - a scroll of random uselessness {unknown}
 k - 2 scrolls of identify {unknown}
 m - a scroll of blinking {unknown}
 p - a scroll of enchant armour {unknown}
 r - a scroll of amnesia {unknown}
Potions
 j - a potion of restore abilities
 n - a potion of might {unknown}
 o - a potion of invisibility {unknown}
 s - a potion of agility
Books
 b - a book of Callings

   Spells                             Type                      Level
   *Summon Small Mammal               Summoning                    1
   Call Imp                           Summoning                    2
   *Call Canine Familiar              Summoning                    3
   Summon Guardian Golem              Hexes/Summoning              4
   Summon Lightning Spire             Summoning/Air                4
   Summon Ice Beast                   Ice/Summoning                4


   Skills:
 * Level 3.1 Dodging
 + Level 2.5 Stealth
 - Level 0.2 Unarmed Combat
 * Level 2.8 Spellcasting
 * Level 4.9 Summonings


You had 4 spell levels left.
You knew the following spells:

 Your Spells              Type           Power        Failure   Level  Hunger
a - Summon Small Mammal   Summ           ####         1%          1    None
b - Call Canine Familiar  Summ           ####....     1%          3    ###....


Dungeon Overview and Level Annotations

Branches:
Dungeon (2/15)

Altars:


Message History

Drink which item? (? for menu, Esc to quit)
You feel refreshed.
It was a potion of restore abilities.
* * * LOW HITPOINT WARNING * * *
You feel sick.
Your bat closely misses the adder.
The adder bites you.
* * * LOW HITPOINT WARNING * * *
Drink which item? (? for menu, Esc to quit)
You feel agile all of a sudden.
It was a potion of agility.
* * * LOW HITPOINT WARNING * * *
You feel sick.
Your bat closely misses the adder.
The adder misses you.
Drink which item? (? for menu, Esc to quit)
You feel clever all of a sudden.
It was a potion of brilliance.
Your bat misses the adder. The adder barely misses you.
Your bat hits the adder.
Drink which item? (? for menu, Esc to quit)
You are confused.
It was a potion of confusion.
Your bat disappears in a puff of smoke!
The adder bites you.
You die...

#.....#................##........
......#....#....######.####..###.
#..........#.......#...<.)...###.
...........#....##.#....##.......
##........##....##.#....##...#.##
####.....###.#.##.###+###...#...
#...........##.# #.# #.).#..#
#########.###.####.###.###...#...
..............§S@>..)........#..#
#########g#.#.)###.......#.......
#########.#.#............#...#...
...............###.......#...#.#.
.########.#..................#.#.
########.#.#.......#...###..#.#.
#.....)..................#..#.##
....#####...........#...#.#.##.#
#g#.............#.#.##.#


You could see an adder and a goblin.

Vanquished Creatures
  4 bats
  2 goblins
  A kobold (D:1)
  A giant newt (D:1)
  3 rats
11 creatures vanquished.

Vanquished Creatures (collateral kills)
  4 gnolls
  2 adders (D:2)
  A giant mite (D:2)
  2 giant geckos (D:1)
  An ooze (D:1)
  7 bats
  3 giant cockroaches (D:1)
  11 goblins
  5 hobgoblins
  2 giant newts (D:1)
  3 kobolds
  7 rats
48 creatures vanquished.

Vanquished Creatures (others)
  3 hounds (D:2)
  21 bats
  A goblin (D:1)
  12 quokkas
  27 rats
64 creatures vanquished.

Grand Total: 123 creatures vanquished

Notes
Turn   | Place    | Note
--------------------------------------------------------------
     0 | D:1      | FedhasBadass, the Merfolk Summoner, began the quest for the Orb.
     0 | D:1      | Reached XP level 1. HP: 13/13 MP: 3/3
   611 | D:1      | Reached XP level 2. HP: 7/19 MP: 0/4
  1669 | D:1      | Reached XP level 3. HP: 24/24 MP: 1/6
  2003 | D:2      | Learned a level 3 spell: Call Canine Familiar
  2421 | D:1      | HP: 1/24 [kobold/ dart (2)]
  3035 | D:2      | Reached XP level 4. HP: 30/30 MP: 1/8
  3327 | D:2      | Slain by an adder

Action                   |  1- 3 |  4- 6 || total
-------------------------+-------+-------++-------
Melee: Unarmed           |    75 |    14 ||    89
 Cast: Summon Small Mamm |   126 |    16 ||   142
       Call Canine Famil |     3 |     4 ||     7
  Use: Potion            |       |     4 ||     4
 Stab: Distracted        |       |     1 ||     1
